AoeStats
← Peaceful Dota Player

Black Forest

510620111Analyzed
2v2 RM · 16h ago on Oct 1, 2026· 46m 9s· 4 players
Game mode
Random Map
Map size
Medium (4 player)
Population
200
Speed
Normal
Resources
Standard
Victory
Conquest
Starting age
Dark Age
Ending age
Imperial Age
RankedLock teamsTeams togetherTeam positionsShared explorationLock speedFull tech treeHidden civsTurbo modeCheats
Victory
Defeat
🇩🇪 Italians · Germany
771
+18
🇮🇳 Slavs · India
690
+40
🇮🇹 Vietnamese · Italy
808
-20
🇮🇹 Bohemians · Italy
798
-19
Icewulf 11
0:31 Loom
14:38 Feudal Age
19:18 Padded Archer Armor
22:21 Double-Bit Axe
25:32 Castle Age
25:01 Forging
25:46 Fletching
26:26 Crossbowman
27:20 Bow Saw
27:35 Bodkin Arrow
27:55 Horse Collar
30:07 Iron Casting
34:53 Leather Archer Armor
37:56 Imperial Age
35:41 Scale Mail Armor
36:38 Pikeman
38:07 Murder Holes
39:56 Chemistry
40:13 Two-Man Saw
42:20 Chain Mail Armor
Peaceful Dota Player
7:11 Loom
10:15 Feudal Age
10:55 Double-Bit Axe
10:52 Horse Collar
21:16 Castle Age
21:02 Bloodlines
21:02 Fletching
22:49 Bow Saw
22:42 Heavy Plow
22:51 Stone Mining
22:54 Gold Mining
27:50 Wheelbarrow
27:01 Town Watch
30:59 Imperial Age
29:47 Town Patrol
30:36 Hand Cart
33:39 Ballistics
33:14 Murder Holes
34:22 Chemistry
33:20 Bodkin Arrow
34:12 Conscription
35:02 Light Cavalry
35:43 Husbandry
36:33 Gold Shaft Mining
37:40 Detinets
38:51 Elite Boyar
39:11 Heavy Cavalry Archer
39:41 Hussar
andrealvt
1:11 Loom
12:38 Feudal Age
13:46 Double-Bit Axe
19:32 Castle Age
19:31 Wheelbarrow
19:40 Horse Collar
20:53 Elite Skirmisher
21:01 Man-at-Arms
22:44 Fletching
25:53 Town Watch
26:47 Gold Mining
26:48 Stone Mining
29:17 Heavy Plow
30:44 Padded Archer Armor
33:15 Pikeman
33:16 Long Swordsman
34:30 Squires
41:03 Imperial Age
41:13 Leather Archer Armor
40:55 Bodkin Arrow
42:43 Imperial Skirmisher
stefano.franchin12
0:40 Loom
12:41 Feudal Age
12:43 Man-at-Arms
14:56 Forging
18:07 Double-Bit Axe
19:16 Horse Collar
24:17 Castle Age
25:14 Bow Saw
27:59 Wheelbarrow
30:45 Heavy Plow
33:35 Hand Cart
36:43 Imperial Age
35:22 Pikeman
35:28 Elite Skirmisher
36:22 Caravan
37:50 Chemistry
36:53 Onager
38:26 Conscription
37:59 Imperial Skirmisher
45:04 Halberdier
Connection lost

Rejoining the realm…

Still unreachable

The connection could not be restored.

Session expired

The server has moved on; the page needs a fresh start.